 Dungeon Crawl Stone Soup version 0.23.2-40-g277498a001 (webtiles) character file.

Game seed: 1383708665540687953

583 Leekoo the Poker (level 7, -3/56 HPs)
             Began as a Formicid Abyssal Knight on Sept 26, 2019.
             Was a Priest of Lugonu.
             Slain by Pikel
             ... wielding a +1 whip of flaming
              (8 damage)
             ... on level 4 of the Dungeon.
             The game lasted 00:46:06 (6006 turns).

Leekoo the Poker (Formicid Abyssal Knight)          Turns: 6006, Time: 00:46:06

Health: -3/56      AC:  6    Str: 24    XL:     7   Next: 64%
Magic:  7/9        EV:  8    Int: 11    God:    Lugonu [***...]
Gold:   225        SH:  8    Dex: 10    Spells: 6/6 levels left

rFire    . . .     SeeInvis +   a - +2 spear
rCold    . . .     Gourm    .   u - +0 shield
rNeg     . . .     Faith    .   h - +0 ring mail
rPois    .         Spirit   .   (helmet unavailable)
rElec    .         Reflect  .   k - +0 cloak
rCorr    .         Harm     .   (no gloves)
MR       .....                  (no boots)
Stlth    ..........             (no amulet)
HPRegen  0.18/turn              (no ring)
MPRegen  0.11/turn              (no ring)

@: mighty
A: permanent stasis, dig shafts and tunnels, four strong arms, antennae 3
a: Dig, Shaft Self, Depart the Abyss, Bend Space, Banish, Renounce Religion


You were on level 4 of the Dungeon.
You worshipped Lugonu.
Lugonu was most pleased with you.
You were very hungry.

You visited 1 branch of the dungeon, and saw 5 of its levels.
You visited the Abyss 1 time.

You collected 225 gold pieces.

Inventory:

Hand Weapons
 a - a +2 spear (weapon)
Missiles
 d - 150 stones (quivered)
 o - 2 throwing nets
Armour
 h - a +0 ring mail (worn)
 k - a +0 cloak (worn)
 u - a +0 shield (worn)
Scrolls
 e - a scroll of fog {unknown}
 g - 2 scrolls of enchant weapon
 j - 2 scrolls of remove curse
 n - a scroll of identify {unknown}
 p - a scroll of amnesia {unknown}
Potions
 i - 2 potions of curing
 l - a potion of brilliance {unknown}
 m - a potion of lignification
 q - a potion of invisibility {unknown}
 r - a potion of heal wounds {unknown}
 s - a potion of berserk rage {unknown}
 t - a potion of mutation {unknown}
 v - a potion of cancellation {unknown}
Comestibles
 c - 7 rations


   Skills:
 + Level 5.1 Fighting
 * Level 6.1 Polearms
 - Level 2.7 Armour
 - Level 0.8 Dodging
 + Level 1.8 Shields
 + Level 3.6 Invocations


You had 6 spell levels left.
You didn't know any spells.
Your spell library was empty.

Dungeon Overview and Level Annotations

Branches:
Dungeon (5/15)
 Temple: D:4-7

Altars:
Cheibriados
Xom
Yredelemnul
The Shining One

Annotations:
D:3 2 transporters, drksl's ghost, amateur VSAs
D:4 Pikel
D:5 2 transporters, Teneria's ghost, amateur MiHu


Innate Abilities, Weirdness & Mutations

You cannot be hasted, slowed, berserked, paralysed or teleported.
You can dig through walls and to a lower floor.
Your four strong arms can wield two-handed weapons with a shield.
You have a pair of large antennae on your head. (SInv)


Message History

Pikel is severely wounded.
Pikel hits you with a +1 whip of flaming.
* * * LOW HITPOINT WARNING * * *
Pikel burns you.
* * * LOW HITPOINT WARNING * * *
Space bends around you!
You blink.
Space bends around you!
You blink.
Okay, then.
It was a potion of might.
You feel very mighty all of a sudden.
You closely miss Pikel.
Pikel is severely wounded.
You block Pikel's attack.
You miss Pikel.
Pikel is severely wounded.
Pikel hits you but does no damage.
You closely miss Pikel.
Pikel is severely wounded.
Pikel hits you with a +1 whip of flaming!
You die...

#.# #.# # #.# #.# #
##.####.######
######............#
#.......####.####.#
#########.##.....###.####.#
#.........................#
#.##.##.#.........##......####
#.##.##.#....@.>........<....#
#.##.##.#.#...K...#..##...##.#
#.##.##.#.##.[...##..##...##.#
#.##.##.#.#.<.............##.#
#.##...o#.#.(#......[.....#...
#.####..#.#..######..###.#....
#.####..#.#..######....#.#....
#............#.......#.......#
######..#..................#.#


You could see Pikel.

Vanquished Creatures
  2 slaves
  An orc warrior (D:4)
  A scorpion (D:4)
  A jelly (D:3)
  3 hounds
  A centaur skeleton (D:4)
  An iguana (D:4)
  2 worker ants
  Robin (D:4)
  4 gnolls
  4 adders
  An ooze (D:3)
  3 worms
  9 dart slugs
  2 leopard geckos
  5 orcs
  2 ball pythons
  8 giant cockroaches
  13 goblins
  9 hobgoblins
  7 jackals
  5 quokkas (D:3)
  7 bats
  2 frilled lizards (D:1)
  A jackal skeleton (D:4)
  6 kobolds
  A quokka skeleton (D:4)
  10 rats
112 creatures vanquished.

Notes
Turn   | Place    | Note
-------+----------+-------------------------------------------
     0 | Abyss:1  | Leekoo the Formicid Abyssal Knight began the quest for the
                  | Orb.
     0 | Abyss:1  | Reached XP level 1. HP: 18/18 MP: 2/2
    46 | D:1      | Escaped the Abyss
   186 | D:1      | Reached XP level 2. HP: 24/24 MP: 3/3
   560 | D:1      | Reached XP level 3. HP: 30/30 MP: 4/4
   834 | D:1      | Reached ** piety under Lugonu
  1051 | D:2      | Reached skill level 3 in Polearms
  1142 | D:2      | Reached XP level 4. HP: 37/37 MP: 5/5
  1524 | D:2      | Reached skill level 4 in Polearms
  1524 | D:2      | Reached XP level 5. HP: 39/42 MP: 6/6
  1935 | D:2      | Found a shimmering altar of Xom.
  2305 | D:3      | Found a transporter.
  2348 | D:3      | Found a transporter.
  2348 | D:3      | Noticed drksl's ghost (amateur VSAs)
  2542 | D:3      | Reached skill level 5 in Polearms
  2542 | D:3      | Reached XP level 6. HP: 45/49 MP: 7/7
  2951 | D:3      | Found a snail-covered altar of Cheibriados.
  3003 | D:3      | Reached *** piety under Lugonu
  3878 | D:4      | Noticed Robin
  3891 | D:4      | Killed Robin
  3982 | D:4      | Found a glowing golden altar of the Shining One.
  3991 | D:4      | Found a basalt altar of Yredelemnul.
  3993 | D:4      | Noticed a profane servitor
  4101 | D:4      | Reached XP level 7. HP: 47/55 MP: 9/9
  4226 | D:4      | Reached skill level 1 in Shields
  4659 | D:4      | Noticed an angel
  4705 | D:5      | Entered Level 5 of the Dungeon
  4731 | D:5      | Reached skill level 5 in Fighting
  5212 | D:5      | Found a transporter.
  5214 | D:5      | Found a transporter.
  5214 | D:5      | Noticed Teneria's ghost (amateur MiHu)
  5297 | D:5      | Noticed Pikel
  5729 | D:4      | Reached skill level 6 in Polearms
  6006 | D:4      | Slain by Pikel

Skill      XL: |  1  2  3  4  5  6  7 |
---------------+----------------------+-----
Fighting       | 4 5 |  5.1
Polearms       | 3 4 5 6 |  6.1
Invocations    | 3 |  3.6
Shields        | 1 |  1.8
Armour         | |  2.7
Dodging        | |  0.8

Action                   |  1- 3 |  4- 6 |  7- 9 || total
-------------------------+-------+-------+-------++-------
Melee: Spear             |   134 |   238 |   167 ||   539
Throw: Stone             |     9 |    16 |       ||    25
Invok: Bend Space        |       |     1 |     5 ||     6
  Use: Scroll            |     2 |     3 |       ||     5
       Potion            |       |       |     3 ||     3
  Eat: Chunk             |     1 |     9 |     2 ||    12
       Ration            |       |       |     1 ||     1
Armor: Leather armour    |    30 |     9 |       ||    39
       Ring mail         |    12 |    41 |    17 ||    70
Dodge: Dodged            |    37 |    85 |    38 ||   160
Block: Shield            |       |     5 |    39 ||    44
